 Dungeon Crawl Stone Soup version 0.30.1-4-g462c640d31 (webtiles) character file.

Game seed: 10971409764178257789

58384 pkoi the Destroyer (level 14, 0/111 HPs)
             Began as a Red Draconian Conjurer on Aug 31, 2023.
             Was an Elder of Vehumet.
             Slain by a bog body (27 damage)
             ... on level 1 of the Swamp on Sept 1, 2023.
             The game lasted 00:57:24 (27544 turns).

pkoi the Destroyer (Red Draconian Conjurer)        Turns: 27544, Time: 00:57:26

Health: 0/111      AC: 13    Str: 14    XL:     14   Next: 49%
Magic:  31/45      EV: 13    Int: 22    God:    Vehumet [****..]
Gold:   1777       SH:  0    Dex:  9    Spells: 2/31 levels left

rFire   + + .        R - staff of earth "Qeyng" {rF+ MP+9 Str+2}
rCold   . . .        (no shield)
rNeg    . . .        (body armour unavailable)
rPois   +            k - +1 hat
rElec   .            w - scarf {shadows}
rCorr   +            K - +0 pair of gloves
SInv    .            G - +2 pair of boots
Will    +....        o - amulet of magic regeneration
Stlth   ++++         I - ring of Bogyuren {Fly rCorr MP+9 Stlth+}
HPRegen 0.38/turn    c - ring of poison resistance
MPRegen 0.69/turn

%: no passive effects
@: about to teleport, marked, flying, slowed, very slow
A: breathe fire, AC +8, unfitting armour, fire resistance 1, cold-blooded
a: Breathe Fire, Renounce Religion


You were on level 1 of the Swamp.
You worshipped Vehumet.
Vehumet was greatly pleased with you.
You visited 4 branches of the dungeon, and saw 20 of its levels.
You also visited: Ice Cave.

You collected 1777 gold pieces.

Inventory:

Hand Weapons
 d - the +7 staff of the Meek {protect, meekguard}
   (You found it on level 5 of the Dungeon)
 L - a +2 spectral quarterstaff
Missiles
 t - 5 throwing nets
 O - 3 curare-tipped darts
Armour
 k - a +1 hat (worn)
 w - a scarf of shadows (worn)
 G - a +2 pair of boots (worn)
 K - a +0 pair of gloves (worn)
Magical Staves
 P - a staff of air
 R - the staff of earth "Qeyng" (weapon) {rF+ MP+9 Str+2}
   (You found it on level 1 of the Swamp)

   [staff of earth]

   Base accuracy: +5 Base damage: 5 Base attack delay: 1.2 This weapon's minimum
   attack delay (0.6) is reached at skill level 12.
   Str:       It affects your strength (+2).
   rF:        It protects you from fire.
   MP:        It affects your magic capacity (+9).
   It falls into the 'Staves' category.
   It is a one-handed weapon.
Jewellery
 c - a ring of poison resistance (right hand)
 j - a +4 ring of protection
 n - a ring of protection from fire
 o - an amulet of magic regeneration (around neck)
 D - a ring of willpower
 F - a +6 ring of intelligence
 I - the ring of Bogyuren (left hand) {Fly rCorr MP+9 Stlth+}
   (You found it in an ice cave)

   [ring of magical power]

   MP:        It affects your magic capacity (+9).
   Fly:       It grants you flight.
   rCorr:     It protects you from acid and corrosion.
   Stlth:     It makes you more stealthy.
 N - an amulet of guardian spirit
Wands
 g - a wand of roots (41)
 s - a wand of polymorph (10)
 v - a wand of mindburst (22)
 C - a wand of flame (12)
 H - a wand of quicksilver (5)
 M - a wand of digging (6)
Scrolls
 b - 4 scrolls of magic mapping
 h - 4 scrolls of enchant weapon
 l - 3 scrolls of teleportation
 m - a scroll of brand weapon
 q - 3 scrolls of fear
 y - a scroll of amnesia
 A - 3 scrolls of enchant armour
 B - 9 scrolls of identify
 Q - a scroll of blinking
Potions
 a - 3 potions of magic
 e - 9 potions of might
 f - 8 potions of haste
 i - 6 potions of curing
 p - 3 potions of lignification
 r - 3 potions of heal wounds
 u - 4 potions of brilliance
 x - a potion of invisibility
 z - a potion of flight
 E - a potion of cancellation
 J - a potion of berserk rage {unknown}


   Skills:
 + Level 6.5 Fighting
 - Level 9.0 Staves
 + Level 5.6 Dodging
 - Level 6.0 Stealth
 - Level 9.0 Spellcasting
 - Level 12.0 Conjurations
 - Level 6.0 Hexes
 - Level 9.0 Translocations
 + Level 12.0 Fire Magic
 * Level 7.9 Air Magic


You had 2 spell levels left.
You knew the following spells:

 Your Spells              Type           Power      Damage    Failure   Level
a - Magic Dart            Conj           100%       1d8       1%          1
b - Searing Ray           Conj           100%       2d8       1%          2
c - Iskenderun's Mystic   Conj/Tloc      54%        2d12      1%          4
d - Fulminant Prism       Conj/Hex       24%        3d12      1%          4
e - Inner Flame           Hex/Fire       49%        N/A       1%          3
f - Flame Wave            Conj/Fire      58%        2d14      1%          4
g - Plasma Beam           Fire/Air       26%        2x1d42    4%          6
h - Iskenderun's Battles  Conj           58%        2d11      1%          5

Your spell library contained the following spells:

 Spells                   Type           Power      Damage    Failure   Level
 Foxfire                  Conj/Fire      100%       2x1d9     1%          1
 Blink                    Tloc           98%        N/A       1%          2
 Lesser Beckoning         Tloc           98%        N/A       1%          2
 Momentum Strike          Conj/Tloc      100%       3d10      1%          2
 Ensorcelled Hibernation  Hex/Ice        46%        N/A       3%          2
 Dazzling Flash           Conj/Hex       98%        N/A       1%          3
 Gell's Gravitas          Tloc           49%        N/A       1%          3
 Teleport Other           Tloc           49%        N/A       1%          3
 Volatile Blastmotes      Fire/Tloc      100%       2d18      1%          3
 Sticky Flame             Conj/Fire      58%        2d7       1%          4
 Fireball                 Conj/Fire      29%        3d13      1%          5
 Starburst                Conj/Fire      29%        6d9       2%          6
 Olgreb's Toxic Radiance  Pois           9%         N/A       17%         4
 Anguish                  Hex/Necr       11%        N/A       19%         4
 Spider Form              Tmut/Pois      9%         N/A       21%         3
 Lee's Rapid Deconstruct  Erth           7%         3d6*      41%         5
 Animate Dead             Necr           9%         N/A       54%         4
 Ignition                 Fire           29%        3d9       58%         8
 Alistair's Intoxication  Tmut/Pois      6%         N/A       88%         5
 Borgnjor's Vile Clutch   Necr/Erth      7%         N/A       88%         5
 Eringya's Noxious Bog    Tmut/Pois      4%         N/A       91%         6
 Haunt                    Necr/Summ      4%         N/A       100%        7
 Discord                  Hex            18%        N/A       100%        8
 Infestation              Necr           4%         N/A       100%        8


Dungeon Overview and Level Annotations

Branches:
Dungeon (13/15)            Temple (1/1) D:6            Lair (5/5) D:11
  Swamp (1/4) Lair:2       Spider (0/4) Lair:3        Slime (0/5) Lair:5
    Orc (0/2) D:11          IceCv (visited)
 Vaults: D:13-14

Altars:
Ashenzari
Cheibriados
Dithmenos
Elyvilon
Fedhas
Gozag
Hepliaklqana
Kikubaaqudgha
Makhleb
Nemelex Xobeh
Okawaru
Qazlal
Ru
Sif Muna
Trog
Uskayaw
Vehumet
Wu Jian
Xom
Yredelemnul
Zin
The Shining One
Jiyva


Innate Abilities, Weirdness & Mutations

You can breathe blasts of fire.
Your fiery red scales are hard. (AC +8)
You cannot fit into any form of body armour.
Your flesh is heat resistant. (rF+)
You are cold-blooded and may be slowed by cold attacks.


Message History

An alligator comes into view.
The ghost crab is engulfed in blazing flames.
The ghost crab breathes spectral mist at you.
The spectral mist engulfs the tyrant leech but does no damage.
Unknown command.
As you read the scroll of teleportation, it crumbles to dust.
You feel strangely unstable.
The eleionoma hurls a spray of splinters at you.
The spray of wooden splinters hits you!!
The tyrant leech is engulfed in spectral mist.
The tyrant leech dies!
The ghost crab is engulfed in blazing flames.
The bog body points at you and mumbles some strange words.
You feel yourself slow down. The swamp drake breathes poison at you.
The noxious blast engulfs you but does no damage.
You are poisoned.
You resist.
Really fly into that cloud of spectral mist?
Okay, then.
Really fly into that cloud of spectral mist?
The eleionoma attacks as you move away! The eleionoma hits you!
You are engulfed in spectral mist.
You feel sick.
The eleionoma is engulfed in noxious fumes.
The eleionoma appears confused.
The spectral spriggan air mage hits you!
Unknown command.
You are engulfed in spectral mist.
You feel sick.
You are no longer poisoned.
The eleionoma is engulfed in noxious fumes.
The eleionoma hits the alligator!!
The ghost crab bites you but does no damage.
The ghost crab claws you!
* * * LOW HITPOINT WARNING * * *
The bog body is engulfed in blazing flames.
The bog body touches you.
* * * LOW HITPOINT WARNING * * *
The bog body freezes you!!
You feel as though you will be slow longer.
You die...

#§#..:.~♣ ♣~
..~~~~(.....§~
..$~~~..#~.~~~~♣
~..§~.....~~~~~§♣
#[~k~§Z☼#.....~~♣
♣♣♣
..~.§n°.#~~~.~..♣♣
♣♣~.
#§○@Z#○§~§....♣♣♣~..
#☼.t○#○~~~...~.~♣♣..
#○Z°§°t°..~~~~~...~.
####°#R°.~~~~~.~~≈≈~
♣♣♣♣°~~~~~.~≈≈≈≈≈
♣♣~~~~~.~≈≈≈≈≈
♣♣♣..~~~≈≈~.~
♣♣♣♣...≈≈≈~>.
♣...~~~≈≈≈.~~


You could see an eleionoma (confused), an alligator, a ghost crab, a spectral
six-headed hydra (summoned), a spectral death drake (summoned), a spectral
spriggan air mage (summoned), a bog body and a swamp drake (catching breath).

Vanquished Creatures
  Snorg (Lair:5)
  Josephine (Lair:3)
  Harold (D:9)
  6 hydras
  An ice dragon (IceCv)
  A centaur warrior (D:13)
  A catoblepas (Lair:5)
  A tengu warrior (D:13)
  3 two-headed ogres
  An alligator (Swamp:1)
  3 boulder beetles
  Sonja (D:10)
  5 skysharks
  2 goliath frogs
  A swamp dragon (Swamp:1)
  2 bog bodies (Swamp:1)
  3 ugly things
  A will-o-the-wisp (Swamp:1)
  Maurice (D:8)
  A cyclops (D:13)
  5 black mambas
  3 elephants (Lair:3)
  2 ice statues (IceCv)
  Maggie (D:6)
  14 cane toads
  2 gargoyles
  An unseen horror (D:12)
  Psyche (D:10)
  9 rime drakes
  5 komodo dragons
  4 trolls
  3 hornets
  3 polar bears
  2 tyrant leeches
  Prince Ribbit (D:6)
  35 blink frogs
  5 culicivoras (Lair:3)
  3 shadows
  2 wyverns
  4 wraiths (Lair:3)
  20 yaks
  5 basilisks
  A human (shapeshifter) (D:13)
  16 vampire mosquitoes
  Menkaure (D:7)
  3 acid dragons
  A warg (D:11)
  10 water moccasins
  4 orc warriors
  3 ice beasts
  3 sky beasts (D:7)
  A black bear (D:7)
  22 wolves
  6 ogres
  5 centaurs
  3 phantoms
  3 kobold brigands
  14 bullfrogs
  5 scorpions
  7 wights
  4 lindwurm simulacra (IceCv)
  3 electric eels (Lair:1)
  5 howler monkeys
  7 hounds
  7 komodo dragon simulacra (IceCv)
  6 orc priests
  Jessica (D:2)
  3 iguanas
  A sleepcap (D:7)
  12 orc wizards
  4 hell rats (Lair:5)
  9 gnolls
  5 adders
  5 acid dragon simulacra (IceCv)
  3 white imps
  2 ufetubi
  5 steam dragon simulacra (IceCv)
  2 worms (D:4)
  4 dart slugs
  35 orcs
  8 endoplasms
  3 giant cockroaches
  9 goblins
  11 hobgoblins
  18 kobolds
  2 quokkas
  6 ball pythons
  5 bats
  4 frilled lizards
  7 rats
  A butterfly (Lair:3)
  2 fulminant prisms
474 creatures vanquished.

Vanquished Creatures (others)
  A tyrant leech (Swamp:1)
  6 foxfires (Swamp:1)
  79 fulminant prisms
86 creatures vanquished.

Grand Total: 560 creatures vanquished

Notes
Turn   | Place    | Note
-------+----------+-------------------------------------------
     0 | D:1      | pkoi the Draconian Conjurer began the quest for the Orb.
     0 | D:1      | Reached XP level 1. HP: 14/14 MP: 3/3
   205 | D:1      | Found a faded altar of an unknown god.
   460 | D:1      | Reached XP level 2. HP: 20/20 MP: 1/5
   826 | D:1      | Learned a level 2 spell: Searing Ray
  1140 | D:2      | Reached skill level 5 in Conjurations
  1190 | D:2      | Reached XP level 3. HP: 26/26 MP: 3/6
  1898 | D:2      | Noticed Jessica
  1902 | D:2      | Killed Jessica
  1903 | D:2      | Reached XP level 4. HP: 33/33 MP: 3/7
  2707 | D:3      | Reached XP level 5. HP: 38/38 MP: 4/8
  2745 | D:3      | Learned a level 4 spell: Iskenderun's Mystic Blast
  2879 | D:3      | Reached skill level 1 in Translocations
  3641 | D:4      | Noticed an ogre
  3688 | D:4      | Noticed an ogre
  3760 | D:4      | Killed an ogre
  3761 | D:4      | Reached XP level 6. HP: 45/45 MP: 2/9
  4605 | D:4      | Your scales start taking on a fiery red colour.
  4605 | D:4      | Reached XP level 7. HP: 50/50 MP: 2/11
  4605 | D:4      | Gained mutation: Your flesh is heat resistant. (rF+) [Red
                  | Draconian growth]
  4998 | D:5      | Entered Level 5 of the Dungeon
  5289 | D:5      | Found the +7 staff of the Meek {protect, meekguard}
  5677 | D:5      | Identified the +2 robe "Zuisops" {Rampage Stlth+}
  5810 | D:5      | Reached skill level 1 in Fighting
  5810 | D:5      | Reached skill level 1 in Staves
  5814 | D:5      | Reached XP level 8. HP: 59/59 MP: 0/12
  6731 | D:5      | Reached skill level 5 in Translocations
  6996 | D:6      | Found a staircase to the Ecumenical Temple.
  7020 | Temple   | Entered the Ecumenical Temple
  7358 | Temple   | Became a worshipper of Vehumet
  7403 | D:6      | Noticed Maggie
  7418 | D:6      | Killed Maggie
  7560 | D:6      | Found an opulent altar of Gozag.
  7577 | D:6      | Noticed Prince Ribbit
  7603 | D:6      | Killed Prince Ribbit
  7604 | D:6      | Reached XP level 9. HP: 69/69 MP: 6/13
  7659 | D:6      | Learned a level 4 spell: Fulminant Prism
  7667 | D:6      | Noticed a two-headed ogre
  7676 | D:6      | Killed a two-headed ogre
  7677 | D:6      | Reached skill level 1 in Hexes
  9034 | D:7      | Noticed Menkaure
  9038 | D:7      | Killed Menkaure
  9361 | D:7      | Noticed a two-headed ogre
  9371 | D:7      | Killed a two-headed ogre
  9372 | D:7      | Reached skill level 5 in Spellcasting
  9372 | D:7      | Reached XP level 10. HP: 23/77 MP: 11/17
  9570 | D:7      | Reached skill level 10 in Conjurations
 10137 | D:8      | Reached * piety under Vehumet
 10137 | D:8      | Offered knowledge of Kiss of Death by Vehumet.
 10693 | D:8      | Noticed Maurice
 10708 | D:8      | Killed Maurice
 10812 | D:8      | Identified the +1 leather armour of the Pink Corner {+Blink
                  | MP+9}
 11208 | D:9      | Reached skill level 5 in Hexes
 11492 | D:9      | Reached ** piety under Vehumet
 11492 | D:9      | Offered knowledge of Momentum Strike by Vehumet.
 11651 | D:9      | Reached XP level 11. HP: 60/82 MP: 13/20
 11761 | D:9      | Noticed Harold
 12033 | D:9      | Killed Harold
 12609 | D:10     | Entered Level 10 of the Dungeon
 12733 | D:10     | Noticed Psyche
 12779 | D:10     | Killed Psyche
 13180 | D:10     | Noticed Sonja
 13457 | D:10     | Found a sparkling altar of Nemelex Xobeh.
 13662 | D:11     | Noticed a boulder beetle
 13672 | D:11     | Killed a boulder beetle
 14233 | D:11     | Found a staircase to the Lair.
 14263 | D:11     | Found a staircase to the Orcish Mines.
 14362 | D:11     | Offered knowledge of Volatile Blastmotes by Vehumet.
 14451 | D:11     | Found an ancient bone altar of Kikubaaqudgha.
 14659 | D:11     | Identified the +1 sling "Reygyr" {freeze, rPois rC- rCorr
                  | Str+4 Dex-2}
 14762 | D:11     | Learned a level 3 spell: Inner Flame
 14804 | Lair:1   | Entered Level 1 of the Lair of Beasts
 14880 | D:11     | Reached skill level 1 in Fire Magic
 15034 | Lair:1   | Found a frozen archway.
 15047 | IceCv    | Entered an ice cave
 15089 | IceCv    | Reached *** piety under Vehumet
 15279 | IceCv    | Reached skill level 5 in Stealth
 15716 | IceCv    | Noticed an ice dragon
 15719 | IceCv    | Offered knowledge of Hailstorm by Vehumet.
 15720 | IceCv    | Killed an ice dragon
 15742 | IceCv    | Reached XP level 12. HP: 71/89 MP: 12/23
 15826 | IceCv    | Identified the ring of Bogyuren {Fly rCorr MP+9 Stlth+}
 16064 | Lair:1   | Found a hide-covered altar of Uskayaw.
 16064 | Lair:1   | Noticed a boulder beetle
 16091 | Lair:1   | Killed a boulder beetle
 16343 | Lair:1   | Found an ornate altar of the Wu Jian Council.
 17028 | Lair:2   | Reached skill level 5 in Fire Magic
 17188 | Lair:2   | Found a staircase to the Swamp.
 17202 | Lair:2   | Reached skill level 5 in Staves
 18003 | Lair:2   | Learned a level 4 spell: Flame Wave
 18045 | Lair:3   | Reached **** piety under Vehumet
 18162 | Lair:3   | Offered knowledge of Stone Arrow by Vehumet.
 18380 | Lair:3   | Noticed Josephine
 18387 | Lair:3   | Killed Josephine
 18632 | Lair:3   | Identified a scroll of acquirement
 18633 | Lair:3   | Acquired a book of Fire
 18642 | Lair:3   | Learned a level 6 spell: Plasma Beam
 18723 | Lair:3   | Found a hole to the Spider Nest.
 18796 | Lair:3   | Reached skill level 1 in Air Magic
 18960 | Lair:3   | Noticed a four-headed hydra
 18968 | Lair:3   | Killed a four-headed hydra
 19638 | Lair:4   | Reached XP level 13. HP: 94/94 MP: 26/26
 20753 | Lair:5   | Entered Level 5 of the Lair of Beasts
 21149 | Lair:5   | Reached skill level 5 in Air Magic
 21338 | Lair:5   | Reached skill level 10 in Fire Magic
 21679 | Lair:5   | Reached ***** piety under Vehumet
 21741 | Lair:5   | Offered knowledge of Iskenderun's Battlesphere by Vehumet.
 21747 | Lair:5   | Noticed Snorg
 22118 | Lair:5   | Killed Snorg
 22742 | Lair:5   | Reached XP level 14. HP: 88/105 MP: 24/27
 22941 | Lair:5   | Found a viscous altar of Jiyva.
 22942 | Lair:5   | Found a staircase to the Slime Pits.
 23952 | D:12     | Reached skill level 5 in Fighting
 25380 | D:13     | Reached skill level 5 in Dodging
 25501 | D:13     | Learned a level 5 spell: Iskenderun's Battlesphere
 26980 | D:10     | Killed Sonja
 27168 | Swamp:1  | Entered Level 1 of the Swamp
 27388 | Swamp:1  | Identified the staff of earth "Qeyng" {rF+ MP+9 Str+2}
 27544 | Swamp:1  | Slain by a bog body

Illustrated notes

Levels and vault maps discovered:
D:1:      lightli_iron_boxes, layout_basic, hellmonk_ecumenical_altar_lost_god,
          roderic_st_hans_cross
D:2:      layout_loops_ring, uniq_jessica
D:3:      layout_loops_corners
D:4:      layout_basic
D:5:      minmay_diamond_boxcup, layout_gridville,
          minmay_misc_feat_four_crosses, grunt_ministairs_13
D:6:      layout_layer_cave, lemuel_doored_altar, minmay_temple_entry_mist,
          serial_glass, glass_columns_b, glass_columns_b, glass_columns_c,
          glass_columns_a, glass_columns_a, glass_columns_a, feat_on_display,
          feat_on_display, uniq_prince_ribbit1, uniq_maggie
D:7:      minmay_spotlight, layout_basic, serial_bayou_lagoon_a,
          minmay_increasing_density, uniq_menkaure
D:8:      layout_loops_ring, uniq_maurice
D:9:      layout_roguey, uniq_harold
D:10:     layout_cave_pools, nemelex_xobeh_ov_fountains_minmay, uniq_sonja,
          uniq_psyche
D:11:     layout_irregular_city, lair_entry_dummy, erik_orc_3,
          kiku_gazebo_pond_becter
D:12:     layout_basic, hex_medium
D:13:     layout_basic
Temple:   mainiacjoe_temple_cubbyholes
Lair:1:   layout_gridlike, portal_ice_cave_entry_pillars_1,
          nzn_masters_of_martial_movement, serial_bayou_shore_a
Lair:2:   layout_layer_cave, swamp_mist_pool, grunt_forest_small_clearings,
          grunt_megastairs_3
Lair:3:   layout_regular_city, hellmonk_spider_entry_life_and_decay,
          serial_bayou_pond_d, grunt_megastairs_1, lemuel_fruit_fields,
          uniq_josephine
Lair:4:   layout_cave_pods
Lair:5:   minmay_lair_end_frog_pond, layout_cave_pods, slime_entry_1,
          chequers_serial_rivers_micro_a, uniq_snorg
Swamp:1:  layout_basic_swamp, evilmike_swamp_ruin_house_6, swamp_pool3,
          infiniplex_staircase_pool_2

Skill      XL: |  1  2  3  4  5  6  7  8  9 10 11 12 13 14 |
---------------+-------------------------------------------+-----
Conjurations   | 5 6 7 8 9 10 11 12 | 12.0
Translocations | 2 3 4 5 7 8 9 |  9.0
Spellcasting   | 3 5 6 7 9 |  9.0
Dodging        | 2 3 4 5 |  5.6
Stealth        | 2 3 5 6 |  6.0
Fighting       | 1 3 4 6 |  6.5
Staves         | 1 3 4 7 9 |  9.0
Hexes          | 3 5 6 |  6.0
Fire Magic     | 4 8 11 12 | 12.0
Air Magic      | 2 6 7 |  7.9

Action                     |  1- 3 |  4- 6 |  7- 9 | 10-12 | 13-15 || total
---------------------------+-------+-------+-------+-------+-------++-------
  Melee: Spear             |    15 |    14 |       |       |       ||    29
         Tailslap          |     1 |     2 |       |     1 |     3 ||     7
         Hand axe          |       |    12 |     5 |       |       ||    17
         Quarterstaff      |       |       |    11 |    19 |    12 ||    42
   Cast: Magic Dart        |    57 |   122 |   162 |   205 |   176 ||   722
         Searing Ray       |       |     9 |    28 |    52 |     7 ||    96
         Fulminant Prism   |       |       |       |    50 |    31 ||    81
         Iskenderun's Myst |       |       |       |    89 |   117 ||   206
         Inner Flame       |       |       |       |    51 |   106 ||   157
         Flame Wave        |       |       |       |       |     1 ||     1
         Plasma Beam       |       |       |       |       |     1 ||     1
Ability: Breathe Fire      |       |       |    11 |    13 |     1 ||    25
  Evoke: Wand              |       |       |       |       |     2 ||     2
    Use: Scroll            |       |     6 |     7 |     9 |     1 ||    23
         Potion            |       |       |     5 |     1 |       ||     6
 Armour: Skin              |    14 |    61 |    55 |    72 |    35 ||   237
  Dodge: Dodged            |     9 |    78 |    55 |    94 |    41 ||   277
